 Dungeon Crawl Stone Soup version 0.28.0-53-g5a82cb258f (webtiles) character file.

Game seed: 7944304031376529394

19460 DocClef the Basher (level 12, 0/113 HPs)
             Began as a Minotaur Berserker on July 4, 2022.
             Was a High Priest of Trog.
             Slain by a death yak simulacrum (16 damage)
             ... in an ice cave.
             The game lasted 00:18:27 (15703 turns).

DocClef the Basher (Minotaur Berserker)            Turns: 15703, Time: 00:18:28

Health: 0/113      AC: 14    Str: 28    XL:     12   Next: 36%
Magic:  11/11      EV: 11    Int: 13    God:    Trog [*****.]
Gold:   760        SH:  0    Dex:  9    Spells: 11/11 levels left

rFire   . . .      SeeInvis .   h - +2 demon whip (flame)
rCold   + . .      Faith    .   (no shield)
rNeg    . . .      Spirit   .   m - +2 scale mail of Fortification {rPois Int+9}
rPois   +          Reflect  .   (helmet restricted)
rElec   .          Harm     .   y - scarf {repulsion}
rCorr   .          Rampage  .   (no gloves)
Will    ++...                   b - +1 pair of boots
Stlth   ..........              (no amulet)
HPRegen 1.28/turn               o - ring of flight
MPRegen 0.12/turn               G - ring of protection from cold

@: strong-willed, flying, regenerating, repel missiles
A: horns 2, retaliatory headbutt
a: Renounce Religion, Berserk, Trog's Hand, Brothers in Arms


You were in an ice cave.
You worshipped Trog.
Trog was extremely pleased with you.
You visited 3 branches of the dungeon, and saw 15 of its levels.
You also visited: Ice Cave.

You collected 809 gold pieces.
You spent 49 gold pieces at shops.

Inventory:

Hand Weapons
 a - a +3 vampiric mace
 h - a +2 demon whip of flaming (weapon)
 B - a +6 flail of protection
Armour
 b - a +1 pair of boots (worn)
 m - the +2 scale mail of Fortification (worn) {rPois Int+9}
   (You found it on level 3 of the Dungeon)

   Int:       It affects your intelligence (+9).
   rPois:     It protects you from poison.
 y - a scarf of repulsion (worn)
Jewellery
 o - a ring of flight (left hand)
 G - a ring of protection from cold (right hand)
 I - a ring of poison resistance
 J - a ring of fire
Wands
 e - a wand of paralysis (4)
 t - a wand of flame (21)
 u - a wand of iceblast (11)
 D - a wand of polymorph (5)
Scrolls
 c - 9 scrolls of teleportation
 i - a scroll of identify
 p - 2 scrolls of blinking
 q - 2 scrolls of noise
 v - a scroll of brand weapon
 A - a scroll of fear
Potions
 d - 2 potions of attraction
 f - 3 potions of might
 g - 2 potions of resistance
 l - 2 potions of berserk rage
 s - 2 potions of haste
 w - 3 potions of mutation
 z - a potion of invisibility
 C - 5 potions of curing
 F - a potion of heal wounds


   Skills:
 - Level 12.9 Fighting
 - Level 14.0 Maces & Flails
 - Level 13.0 Armour
 - Level 2.1 Dodging
 + Level 7.9 Evocations


You had 11 spell levels left.
You didn't know any spells.
Your spell library was empty.

Dungeon Overview and Level Annotations

Branches:
Dungeon (11/15)            Temple (1/1) D:7            Lair (3/6) D:11
  Snake (0/4) Lair:2        IceCv (1/1)
  Swamp: Lair:2-4    Shoals: Lair:2-4       Orc: D:9-12

Altars:
Ashenzari
Cheibriados
Elyvilon
Fedhas
Hepliaklqana
Makhleb
Nemelex Xobeh
Okawaru
Qazlal
Ru
Sif Muna
Trog
Uskayaw
Yredelemnul
The Shining One
Beogh

Shops:
D:2 (   D:4 *   D:8 *

Annotations:
D:3 1 runed translucent door
Lair:2 exclusion: oklob plant IceCv exclusion: ice statue


Innate Abilities, Weirdness & Mutations

You have a pair of horns on your head.
You reflexively headbutt those who attack you in melee.


Message History

You are engulfed in freezing vapours.
You resist. The death yak simulacrum gores you.
The death yak simulacrum freezes you! You resist.
The ice statue gestures at you. The shard of ice hits you!
You partially resist.
You whack the ice statue!
You melt the ice statue.
You headbutt the ice statue, but do no damage.
The ice statue is lightly damaged.
You are engulfed in freezing vapours.
You resist. The ice beast closely misses you.
You hit the ice statue but do no damage.
The ice statue is lightly damaged.
You are engulfed in freezing vapours.
You resist. The death yak simulacrum gores you!
The death yak simulacrum freezes you! You resist.
Unknown command.
You hit the ice statue.
You melt the ice statue.
The ice statue is moderately damaged.
You are engulfed in freezing vapours.
You resist.
The ice beast hits you but does no damage.
The death yak simulacrum completely misses you.
You furiously retaliate!
You headbutt the death yak simulacrum!
Unknown command.
You hit the ice statue but do no damage.
The ice statue is moderately damaged.
Unknown command.
You whack the ice statue!
You melt the ice statue.
You headbutt the ice statue.
The ice statue is moderately damaged.
The death yak simulacrum gores you. The death yak simulacrum freezes you!
You resist.
* * * LOW HITPOINT WARNING * * *
The ice beast misses you. You furiously retaliate!
You headbutt the ice beast.
The death yak simulacrum closely misses you.
Really fly into that cloud of freezing vapour?
Okay, then.
Really fly into that cloud of freezing vapour?
You are engulfed in freezing vapours.
You resist.
* * * LOW HITPOINT WARNING * * *
The ice beast closely misses you. The death yak simulacrum gores you!
You die...

### ..## ##...#
##.....
###....#
##..Z..# ##..
#..ZY8.# #8..
##..@ZZ.# #...
#..#☼○Z.# #...
##.##○...# #...
##..##......
#####8.. #..##
#....###..#....
##..#
##.###...#....
##.##
###..#....#.
#..##
#..#...###
##..# #..##.##


You could see an ice statue, an ice beast (summoned), 2 death yak simulacra, an
elephant simulacrum and 2 polar bear simulacra.

Vanquished Creatures
  Snorg (D:10)
  Josephine (D:10)
  Sonja (D:10)
  Pikel (D:9)
  A manticore (D:11)
  A black mamba (Lair:2)
  2 cane toads (Lair:2)
  A kobold demonologist (D:11)
  An anaconda simulacrum (IceCv)
  6 freezing wraiths (IceCv)
  3 komodo dragons (Lair:1)
  7 ice devils (IceCv)
  3 entropy weaver simulacra (IceCv)
  Prince Ribbit (D:9)
  A dire elephant simulacrum (IceCv)
  A wyvern (D:9)
  22 yaks
  6 wraiths (D:10)
  A steam dragon (D:9)
  A death yak simulacrum (IceCv)
  A harpy simulacrum (IceCv)
  3 nagas
  An acid dragon (D:11)
  3 water moccasins
  2 orc warriors
  3 black bears (D:6)
  3 sky beasts
  2 ogres
  9 centaurs
  2 phantoms
  2 kobold brigands
  10 bullfrogs
  A scorpion (D:6)
  5 cane toad simulacra
  A water moccasin skeleton (D:5)
  A water moccasin zombie (D:5)
  5 elephant simulacra (IceCv)
  5 killer bees (D:10)
  3 wights (D:10)
  3 howler monkeys
  2 centaur zombies
  2 jellies (D:6)
  A centaur skeleton (D:5)
  3 orc priests
  4 hounds
  A bullfrog skeleton (D:4)
  A gnoll shaman (D:5)
  3 iguanas
  4 orc wizards
  5 polar bear simulacra (IceCv)
  A wolf simulacrum (IceCv)
  A hound skeleton (D:4)
  A howler monkey zombie (D:5)
  2 howler monkey skeletons
  8 gnolls (D:5)
  3 naga simulacra (IceCv)
  8 adders
  6 white imps
  An ufetubus (IceCv)
  An adder skeleton (D:4)
  2 dart slugs
  38 orcs
  4 endoplasms
  3 giant cockroaches
  8 goblins
  7 hobgoblins
  4 jackals
  22 kobolds
  4 quokkas
  13 ball pythons
  8 bats
  3 frilled lizards (D:1)
  A jackal skeleton (D:3)
  4 rats
306 creatures vanquished.

Vanquished Creatures (others)
  2 fungi (Lair:2)
  5 plants
7 creatures vanquished.

Grand Total: 313 creatures vanquished

Notes
Turn   | Place    | Note
-------+----------+-------------------------------------------
     0 | D:1      | DocClef the Minotaur Berserker began the quest for the Orb.
     0 | D:1      | Reached XP level 1. HP: 19/19 MP: 0/0
    91 | D:1      | Reached skill level 4 in Maces & Flails
   122 | D:1      | Reached XP level 2. HP: 25/26 MP: 1/1
   567 | D:1      | Found a faded altar of an unknown god.
   844 | D:1      | Reached skill level 5 in Maces & Flails
   982 | D:1      | Reached XP level 3. HP: 31/31 MP: 2/2
  1214 | D:2      | Reached ** piety under Trog
  1396 | D:2      | Found Yjor's Weapon Boutique.
  1719 | D:2      | Reached skill level 6 in Maces & Flails
  1719 | D:2      | Reached XP level 4. HP: 39/39 MP: 3/3
  1876 | D:3      | Noticed a human
  1877 | D:3      | Found a runed translucent door.
  2114 | D:3      | Found a sacrificial altar of Ru.
  2180 | D:3      | Found a basalt altar of Yredelemnul.
  2196 | D:3      | Noticed a phantom
  2216 | D:2      | Killed a phantom
  2217 | D:2      | Reached skill level 7 in Maces & Flails
  2217 | D:2      | Reached XP level 5. HP: 2/45 MP: 4/4
  2604 | D:3      | Identified the +2 scale mail of Fortification {rPois Int+9}
  2740 | D:3      | Found an iron altar of Okawaru.
  2804 | D:4      | Reached *** piety under Trog
  2857 | D:4      | Reached skill level 8 in Maces & Flails
  2890 | D:4      | Reached XP level 6. HP: 48/51 MP: 5/5
  3126 | D:4      | Found Asyummyz's General Store.
  3149 | D:4      | Bought a potion of degeneration for 10 gold pieces
  3182 | D:4      | Found a broken altar of Ashenzari.
  3518 | D:4      | Found a hide-covered altar of Uskayaw.
  3543 | D:5      | Entered Level 5 of the Dungeon
  3543 | D:5      | Noticed a sky beast
  3554 | D:4      | Reached skill level 9 in Maces & Flails
  3699 | D:4      | Killed a sky beast
  3700 | D:4      | Reached XP level 7. HP: 28/57 MP: 6/6
  4104 | D:5      | Reached skill level 10 in Maces & Flails
  4225 | D:5      | Found a glowing golden altar of the Shining One.
  4261 | D:5      | Reached skill level 11 in Maces & Flails
  4647 | D:5      | Reached XP level 8. HP: 64/64 MP: 7/7
  4990 | D:5      | Found a stormy altar of Qazlal.
  5297 | D:6      | Reached skill level 12 in Maces & Flails
  5595 | D:6      | Found a bloodstained altar of Trog.
  5602 | D:6      | Reached skill level 13 in Maces & Flails
  6620 | D:6      | Reached skill level 14 in Maces & Flails
  6892 | D:7      | Found a blossoming altar of Fedhas.
  7303 | D:7      | Found a staircase to the Ecumenical Temple.
  7314 | D:7      | Reached XP level 9. HP: 73/73 MP: 8/8
  7574 | Temple   | Entered the Ecumenical Temple
  7607 | D:8      | Reached skill level 5 in Fighting
  7608 | D:8      | Found Faostuesh's General Store.
  7615 | D:8      | Bought a scroll of teleportation for 39 gold pieces
  7807 | D:8      | Identified the +1 robe of Ashenzari's Generosity {rN+}
  7845 | D:8      | Found a shimmering blue altar of Sif Muna.
  7922 | D:8      | Reached **** piety under Trog
  8005 | D:8      | Found a white marble altar of Elyvilon.
  8575 | D:9      | Noticed Pikel
  8583 | D:9      | Killed Pikel
  8584 | D:9      | Reached skill level 10 in Fighting
  8640 | D:9      | Found a sparkling altar of Nemelex Xobeh.
  8668 | D:9      | Found a snail-covered altar of Cheibriados.
  8862 | D:9      | Noticed Prince Ribbit
  8871 | D:9      | Killed Prince Ribbit
  9149 | D:10     | Entered Level 10 of the Dungeon
  9149 | D:10     | Noticed Josephine
  9152 | D:10     | Noticed Sonja
  9273 | D:10     | Reached XP level 10. HP: 79/95 MP: 9/9
  9727 | D:10     | Killed Sonja
  9728 | D:10     | Reached skill level 5 in Armour
  9831 | D:10     | Noticed Snorg
  9843 | D:10     | Killed Snorg
  9901 | D:10     | Killed Josephine
  9908 | D:10     | Reached XP level 11. HP: 106/106 MP: 10/10
 10433 | D:10     | Reached skill level 10 in Armour
 10631 | D:11     | Found a staircase to the Lair.
 10797 | D:11     | Reached ***** piety under Trog
 11206 | D:11     | Found a hazy altar of Hepliaklqana.
 11638 | Lair:1   | Entered Level 1 of the Lair of Beasts
 12334 | Lair:2   | Noticed an oklob plant
 12756 | Lair:2   | Reached skill level 1 in Evocations
 13397 | Lair:2   | Found a staircase to the Snake Pit.
 13969 | Lair:3   | Found a frozen archway.
 13982 | IceCv    | Entered an ice cave
 14618 | IceCv    | Reached skill level 5 in Evocations
 14618 | IceCv    | Reached XP level 12. HP: 87/113 MP: 11/11
 14760 | IceCv    | Found an ancient bone altar of Kikubaaqudgha.
 14784 | IceCv    | Received a gift from Trog
 15703 | IceCv    | Slain by a death yak simulacrum

Illustrated notes

Levels and vault maps discovered:
D:1:      ebering_trefoil_twist, layout_basic, shapermc_ecumenical_altar_venn,
          hangedman_decor_clover_reticule, minmay_misc_feat_x
D:2:      layout_rooms, serial_shops, nicolae_diamond_shop, minivault_23
D:3:      layout_rooms, nicolae_ru_great_annihilating_truth,
          mainiacjoe_overflow_alcove_4, dk_yredelemnul_ordeal
D:4:      layout_loops_ring, nicolae_overflow_hidden_temple,
          nicolae_ashenzari_skybound, serial_shops, nicolae_diamond_shop,
          grunt_ministairs_2, mrwooster_statue_mirror
D:5:      layout_basic, mainiacjoe_overflow_boulevard,
          nicolae_qazlal_scattered_showers, hangedman_decor_opposing
D:6:      layout_layer_cave, trog_ov_bears_minmay
D:7:      layout_basic, mainiacjoe_overflow_six_doors_small,
          minmay_temple_entry_butterflies, chequers_serial_rivers_micro_b
D:8:      layout_rooms, nicolae_sif_muna_condensation, amcnicky_altar_gilded,
          serial_shops, shop
D:9:      layout_roguey [special_room_orc], nemelex_altar_shiori,
          kennysheep_slug_shrine, minmay_misc_feat_four_crosses,
          nicolae_elevator_lobby_plus, uniq_prince_ribbit1, uniq_pikel
D:10:     layout_roguey, uniq_josephine, uniq_sonja, uniq_snorg
D:11:     layout_irregular_city, lair_entry_dummy,
          worldfamousw_hep_ancestral_shrine
Temple:   chequers_temple_sunken
Lair:1:   layout_hall_layers, grunt_megastairs_1
Lair:2:   layout_long_grid, guppyfry_snake_entry_island,
          minmay_lair_oklob_bushes
Lair:3:   layout_regular_city, portal_ice_cave_entry_ice_simulacra
IceCv:    ice_cave_small_necro

Skill      XL: |  1  2  3  4  5  6  7  8  9 10 11 12 |
---------------+-------------------------------------+-----
Maces & Flails | 4 5 6 7 8 9 11 14 | 14.0
Fighting       | 4 11 12 | 12.9
Armour         | 8 13 | 13.0
Evocations     | 5 7 |  7.9
Dodging        | |  2.1

Action                   |  1- 3 |  4- 6 |  7- 9 | 10-12 || total
-------------------------+-------+-------+-------+-------++-------
Melee: Mace              |    81 |   137 |   307 |       ||   525
       Headbutt          |     7 |    13 |    74 |   107 ||   201
       Punch             |       |     1 |     2 |    13 ||    16
       Flail             |       |       |    55 |   407 ||   462
       Demon whip        |       |       |       |    72 ||    72
Throw: Javelin           |       |       |       |     7 ||     7
Invok: Trog's Hand       |       |       |     5 |     5 ||    10
       Berserk           |       |       |     2 |     2 ||     4
  Use: Scroll            |       |       |     1 |    23 ||    24
 Stab: Sleeping          |     1 |       |       |       ||     1
       Paralysed         |       |     1 |       |       ||     1
Armor: Animal skin       |    17 |       |       |       ||    17
       Scale mail        |       |    89 |   150 |   243 ||   482
Dodge: Dodged            |    51 |    84 |   178 |   221 ||   534
       Repelled          |       |       |     2 |     2 ||     4
